 Dungeon Crawl Stone Soup version 0.32-a0-933-ga8fa3634e4 (webtiles) character file.

Game seed: 13699738789329691590

6 Sabo the Charlatan (level 1, -2/15 HPs)
             Began as a Coglin Artificer on Apr 14, 2024.
             Slain by a quokka (4 damage)
             ... on level 1 of the Dungeon.
             The game lasted 00:01:19 (252 turns).

Sabo the Charlatan (Coglin Artificer)                Turns: 252, Time: 00:01:19

Health: -2/15      AC:  3    Str: 12    XL:     1   Next: 90%
Magic:  1/1        EV: 10    Int: 10    God:
Gold:   0          SH:  0    Dex: 14    Spells: 0/0 levels left

rFire   . . .        a - +0 club {Azuma}
rCold   . . .        f - +0 dagger {Anan}
rNeg    . . .        b - +0 leather armour
rPois   .            (no helmet)
rElec   .            (no cloak)
rCorr   .            (no gloves)
SInv    .            (no boots)
Will    .....        (amulet unavailable)
Stlth   +            (ring unavailable)
HPRegen 0.22/turn    (ring unavailable)
MPRegen 0.07/turn    (no gizmo)

%: no passive effects
@: revved
A: off-hand wielding, slow wielding, warmup strikes, no jewellery
a: Invent Gizmo


You were on level 1 of the Dungeon.
You visited 1 branch of the dungeon, and saw 1 of its levels.

Inventory:

Hand Weapons
 a - a +0 club (weapon) {Azuma}
 f - a +0 dagger (offhand) {Anan}
Armour
 b - a +0 leather armour (worn)
Wands
 c - a wand of flame (15) (quivered)
 d - a wand of charming (15)
 e - a wand of iceblast (5)
Scrolls
 g - 2 scrolls of immolation {unknown}


   Skills:
 + Level 1.0 Fighting
 + Level 1.7 Armour
 + Level 1.1 Dodging
 + Level 0.7 Stealth
 + Level 4.5 Evocations


You couldn't memorise any spells.
You didn't know any spells.
Your spell library was empty.

Dungeon Overview and Level Annotations

Branches:
Dungeon (1/15)

Altars:


Innate Abilities, Weirdness & Mutations

You can wield a second weapon in your off-hand.
It takes a long time for you to wield or remove held weapons.
Your first few attacks do less damage.
You cannot equip rings or amulets.


Message History

Found 5 stones.
A kobold comes into view. It is wielding a +0 whip.
The kobold shouts!
The kobold misses you.
You hit the kobold but do no damage. You hit the kobold with your +0 club.
You kill the kobold!
You see here a +0 whip.
You see here 5 stones.
Found a stone staircase leading down.
Found a scroll labelled KIURCHO XEKOAGE.
g - 2 scrolls labelled KIURCHO XEKOAGE (gained 1)
A hobgoblin comes into view.
The hobgoblin shouts!
A quokka and a kobold come into view.
The hobgoblin closely misses you.
You barely miss the hobgoblin with your +0 club.
You hit the hobgoblin but do no damage. The hobgoblin hits you.
You completely miss the hobgoblin with your +0 club.
You closely miss the hobgoblin with your +0 dagger.
The hobgoblin hits you but does no damage.
The quokka bites you.
You hit the hobgoblin but do no damage. x2; The quokka bites you.
The hobgoblin hits you.
You barely miss the hobgoblin with your +0 club.
You hit the hobgoblin but do no damage. The quokka bites you.
The hobgoblin barely misses you. The quokka closely misses you.
You closely miss the hobgoblin with your +0 dagger.
You hit the hobgoblin with your +0 club.
The hobgoblin misses you. The quokka bites you.
* * * LOW HITPOINT WARNING * * *
The hobgoblin hits you.
* * * LOW HITPOINT WARNING * * *
The kobold hits you but does no damage. The hobgoblin misses you.
The quokka attacks as it pursues you! The quokka barely misses you.
The quokka bites you.
* * * LOW HITPOINT WARNING * * *
You hit the quokka but do no damage. You hit the quokka with your +0 club.
The quokka bites you.
You die...

#..## #..##...#
....
#...####..######
....
#....##..#########
.....
#.##..............
.....
#.###############.
...... #.#
.........
......###.#
#########
.......K#.#
.......gr@# #
........### #
........# #
........# #
#........ #
#.####### # #


You could see a quokka, a hobgoblin and a kobold.

Vanquished Creatures
  A giant cockroach (D:1)
  2 goblins (D:1)
  A hobgoblin (D:1)
  A kobold (D:1)
5 creatures vanquished.

Notes
Turn   | Place    | Note
-------+----------+-------------------------------------------
     0 | D:1      | Sabo the Coglin Artificer began the quest for the Orb.
     0 | D:1      | Reached XP level 1. HP: 15/15 MP: 1/1
    31 | D:1      | Reached skill level 1 in Dodging
   252 | D:1      | Slain by a quokka

Illustrated notes

Levels and vault maps discovered:
D:1:      dpeg_arrival_rooms_a, layout_basic

Skill      XL: |  1 |
---------------+----+-----
Dodging        | 1 |  1.1
Fighting       | |  1.0
Armour         | |  1.7
Stealth        | |  0.7
Evocations     | |  4.5

Action                     || total
---------------------------++-------
  Melee: Club              ||    18
         Dagger            ||    18
 Armour: Leather armour    ||    19
  Dodge: Dodged            ||    12

Table legend: (Time is in decaauts)
 A = Elapsed time spent in this place.
 B = Non-inter-level travel time spent in this place.
 C = Inter-level travel time spent in this place.
 D = Time resting spent in this place.
 E = Time spent auto-exploring this place.
 F = Levels seen in this place.
 G = Mean time per level.
                   A        B        C        D        E       F      G
               +--------+--------+--------+--------+--------+-----+--------+
         Total |    255 |    255 |      0 |      5 |      0 |   1 |  255.0 |
       Dungeon |    255 |    255 |      0 |      5 |      0 |   1 |  255.0 |
               +--------+--------+--------+--------+--------+-----+--------+

Top non-repeatable levels by time:
     D:1: 255 daAuts
